 Dungeon Crawl Stone Soup version 0.30-a0-389-g8d7d949f56 (webtiles) character file.

Game seed: 438672672120308319

3591 wilsonr the Grappler (level 9, -3/102 HPs)
             Began as a Troll Berserker on Dec 4, 2022.
             Was an Elder of Trog.
             Succumbed to an orange demon's poison
             ... on level 9 of the Dungeon.
             The game lasted 00:25:23 (6786 turns).

wilsonr the Grappler (Troll Berserker)              Turns: 6786, Time: 00:25:23

Health: -3/102     AC:  7    Str: 28    XL:     9   Next: 85%
Magic:  8/8        EV: 13    Int:  7    God:    Trog [****..]
Gold:   632        SH:  0    Dex: 16    Spells: 8/8 levels left

rFire   . . .      SeeInvis .    D - +1 mace (vorpal)
rCold   . . .      Faith    .    (no shield)
rNeg    . . .      Spirit   .    F - +0 steam dragon scales
rPois   .          Reflect  .    (helmet restricted)
rElec   .          Harm     .    (no cloak)
rCorr   .          Rampage  .    (gloves unavailable)
Will    +....                    (boots unavailable)
Stlth   +.........               (no amulet)
HPRegen 1.17/turn                l - +6 ring of dexterity
MPRegen 0.11/turn                G - ring of willpower

@: lethally poisoned (-3 -> -13), weakened
A: large, unfitting armour, claws 3, regeneration 1, shaggy fur 1, tough skin 1,
fangs 1, clever 1, robust 1
a: Renounce Religion, Berserk, Trog's Hand, Brothers in Arms


You were on level 9 of the Dungeon.
You worshipped Trog.
Trog was greatly pleased with you.
You visited 2 branches of the dungeon, and saw 10 of its levels.

You collected 632 gold pieces.

Inventory:

Hand Weapons
 D - a +1 vorpal mace (weapon)
 E - a +0 flail of holy wrath
Missiles
 C - 6 boomerangs (quivered)
Armour
 a - a +0 animal skin
 i - a +2 helmet
 y - a +2 ring mail of fire resistance
 F - +0 steam dragon scales (worn)
Magical Staves
 B - a staff of conjuration
 J - a staff of poison
Jewellery
 l - a +6 ring of dexterity (left claw)
 G - a ring of willpower (right claw)
Wands
 o - a wand of mindburst (28)
 w - a wand of flame (5)
Scrolls
 c - 2 scrolls of fear {unknown}
 d - 9 scrolls of identify {unknown}
 f - a scroll of brand weapon {unknown}
 g - a scroll of enchant weapon {unknown}
 h - a scroll of acquirement {unknown}
 j - 4 scrolls of teleportation {unknown}
 k - 3 scrolls of immolation {unknown}
 n - 2 scrolls of amnesia {unknown}
 p - 3 scrolls of butterflies {unknown}
 r - 3 scrolls of enchant armour {unknown}
 u - a scroll of blinking {unknown}
 v - 3 scrolls of poison {unknown}
 A - a scroll of silence {unknown}
 K - 2 scrolls of vulnerability {unknown}
 L - 2 scrolls of noise {unknown}
Potions
 b - a potion of cancellation {unknown}
 e - 3 potions of attraction {unknown}
 m - a potion of curing
 q - a potion of brilliance {unknown}
 s - 2 potions of lignification {unknown}
 t - 3 potions of ambrosia {unknown}
 x - a potion of haste {unknown}
 z - a potion of flight {unknown}
 H - a potion of mutation
 I - 2 potions of heal wounds {unknown}


   Skills:
 + Level 7.3 Fighting
 + Level 7.3 Dodging
 + Level 8.8 Unarmed Combat


You had 8 spell levels left.
You didn't know any spells.
Your spell library contained the following spells:

 Spells                   Type           Power      Damage    Failure   Level
 Summon Forest            Summ/Tloc      0%         N/A       100%        5
 Summon Mana Viper        Hex/Summ       0%         N/A       100%        5
 Summon Cactus Giant      Summ           0%         N/A       100%        6


Dungeon Overview and Level Annotations

Branches:
Dungeon (9/15)             Temple (1/1) D:5
   Lair: D:8-11         Orc: D:9-12

Altars:
Ashenzari
Cheibriados
Elyvilon
Fedhas
Gozag
Hepliaklqana
Kikubaaqudgha
Makhleb
Nemelex Xobeh
Okawaru
Qazlal
Ru
Sif Muna
Trog
Uskayaw
Vehumet
Wu Jian
Xom
Yredelemnul
Zin
The Shining One

Shops:
D:7 (

Annotations:
D:7 3 runed translucent doors, Darkkill's ghost, novice MiHu


Innate Abilities, Weirdness & Mutations

You are too large for most types of armour.
You have claws for hands.
Your natural rate of healing is unusually fast.
You are covered in fur. (AC +1)
You have tough skin. (AC +1)
You have very sharp teeth.
Your mind is acute. (Int +4, Str/Dex -1)
You are robust. (+10% HP)


Message History

You feel extremely sick.
The quasit disappears in a puff of smoke!
The kobold demonologist closely misses you.
The orange demon stings you but does no damage.
The orange demon closely misses you.
The kobold demonologist closely misses you.
The orange demon stings you!
* * * LOW HITPOINT WARNING * * *
You are lethally poisoned!
The orange demon poisons you! The orange demon hits you.
* * * LOW HITPOINT WARNING * * *
You feel as though you will be weak longer.
You hit the orange demon.
The orange demon is almost dead.
* * * LOW HITPOINT WARNING * * *
You feel extremely sick.
The kobold demonologist gestures wildly while chanting.
The kobold demonologist hits you but does no damage.
The orange demon closely misses you.
The orange demon hits you but does no damage.
You feel better.
The kobold demonologist casts a cantrip, but nothing happens.
The kobold demonologist mumbles some strange words.
The orange demon stings you!
* * * LOW HITPOINT WARNING * * *
You are lethally poisoned!
The orange demon poisons you!
The orange demon hits you but does no damage.
You closely miss the orange demon.
The orange demon is almost dead.
* * * LOW HITPOINT WARNING * * *
You feel extremely sick.
The kobold demonologist hits you but does no damage.
The orange demon stings you!
* * * LOW HITPOINT WARNING * * *
The orange demon hits you but does no damage.
The kobold demonologist begins to cast a cantrip, but forgets the words!
You closely miss the orange demon.
The orange demon is almost dead.
You die...

########################
........4@KKKK5.........
......######K5..........
..... #.K.......... ....
#............ ...
#....K....... ..
#..5.5....... .
#>.....3.....
#.....K...$..
######.......


You could see an orange demon (summoned), 2 kobold demonologists, a kobold
brigand (fast), an iron imp (summoned), an ufetubus (summoned) and 2 kobolds.

Vanquished Creatures
  A two-headed ogre (D:8)
  Maggie (D:8)
  Prince Ribbit (D:7)
  A shadow (D:8)
  A steam dragon (D:8)
  2 water moccasins
  2 orc warriors
  A sky beast (D:7)
  An ice beast (D:5)
  An ogre (D:5)
  A phantom (D:6)
  2 kobold brigands
  3 bullfrogs
  A necrophage (D:4)
  A scorpion (D:6)
  3 killer bees (D:7)
  2 howler monkeys (D:7)
  3 hounds
  2 jellies
  5 orc priests
  3 iguanas
  8 orc wizards
  14 adders
  A shadow imp (D:6)
  2 white imps
  2 worms
  3 dart slugs
  31 orcs
  8 endoplasms
  4 giant cockroaches
  8 goblins
  3 hobgoblins
  4 jackals (D:1)
  3 quokkas
  8 ball pythons
  3 bats
  5 frilled lizards
  15 kobolds
  2 rats
162 creatures vanquished.

Vanquished Creatures (others)
  A withered plant (D:4)
1 creature vanquished.

Grand Total: 163 creatures vanquished

Notes
Turn   | Place    | Note
-------+----------+-------------------------------------------
     0 | D:1      | wilsonr the Troll Berserker began the quest for the Orb.
     0 | D:1      | Reached XP level 1. HP: 22/22 MP: 0/0
    55 | D:1      | Reached XP level 2. HP: 29/29 MP: 1/1
   453 | D:1      | Reached ** piety under Trog
   715 | D:2      | Reached XP level 3. HP: 36/36 MP: 2/2
   994 | D:2      | Reached XP level 4. HP: 19/45 MP: 3/3
  1518 | D:2      | Found a faded altar of an unknown god.
  1642 | D:3      | Reached skill level 4 in Unarmed Combat
  1996 | D:3      | Gained mutation: You occasionally lose the ability to drink
                  | potions when taking damage. [potion of mutation]
  1996 | D:3      | Gained mutation: You have a pair of small horns on your
                  | head. [potion of mutation]
  2035 | D:3      | Reached XP level 5. HP: 8/52 MP: 4/4
  2308 | D:4      | Found an ancient bone altar of Kikubaaqudgha.
  2339 | D:4      | Reached *** piety under Trog
  2439 | D:4      | Reached XP level 6. HP: 55/62 MP: 5/5
  2657 | D:5      | Entered Level 5 of the Dungeon
  2681 | D:5      | Noticed an ice beast
  2701 | D:5      | Killed an ice beast
  2702 | D:5      | Reached skill level 5 in Unarmed Combat
  2753 | D:5      | Lost mutation: You have a pair of small horns on your head.
                  | [potion of mutation]
  2753 | D:5      | Lost mutation: You occasionally lose the ability to drink
                  | potions when taking damage. [potion of mutation]
  2753 | D:5      | Gained mutation: You have very sharp teeth. [potion of
                  | mutation]
  2753 | D:5      | Gained mutation: Your mind is acute. (Int +4, Str/Dex -1)
                  | [potion of mutation]
  2753 | D:5      | Gained mutation: You are robust. (+10% HP) [potion of
                  | mutation]
  2862 | D:5      | Found a blossoming altar of Fedhas.
  2957 | D:5      | Found a staircase to the Ecumenical Temple.
  2964 | D:5      | Reached XP level 7. HP: 65/77 MP: 6/6
  2975 | Temple   | Entered the Ecumenical Temple
  4024 | D:6      | Reached skill level 6 in Unarmed Combat
  4026 | D:6      | Reached skill level 5 in Fighting
  4026 | D:6      | Reached skill level 5 in Dodging
  4118 | D:6      | Reached XP level 8. HP: 88/88 MP: 7/7
  4766 | D:7      | Found a sacrificial altar of Ru.
  4766 | D:7      | Found a radiant altar of Vehumet.
  4766 | D:7      | Found a hazy altar of Hepliaklqana.
  4852 | D:7      | Reached **** piety under Trog
  4853 | D:7      | Reached skill level 7 in Unarmed Combat
  4901 | D:7      | Found Ulaet's Antique Weapon Boutique.
  5020 | D:7      | Found a runed translucent gate.
  5020 | D:7      | Found a runed translucent gate.
  5020 | D:7      | Found a runed translucent gate.
  5021 | D:7      | Noticed Darkkill's ghost (novice MiHu)
  5286 | D:7      | Noticed Prince Ribbit
  5325 | D:7      | Killed Prince Ribbit
  5326 | D:7      | Reached XP level 9. HP: 21/97 MP: 8/8
  5616 | D:8      | Noticed a two-headed ogre
  5665 | D:8      | Killed a two-headed ogre
  5666 | D:8      | Reached skill level 8 in Unarmed Combat
  5810 | D:8      | Found an opulent altar of Gozag.
  5822 | D:8      | Found an opulent altar of Gozag.
  5853 | D:8      | Found an opulent altar of Gozag.
  5857 | D:8      | Found an opulent altar of Gozag.
  6014 | D:8      | Found a glowing silver altar of Zin.
  6033 | D:8      | Noticed Maggie
  6048 | D:8      | Killed Maggie
  6747 | D:9      | Noticed a kobold demonologist
  6748 | D:9      | Noticed a kobold demonologist
  6752 | D:9      | Noticed a smoke demon
  6773 | D:9      | Noticed an orange demon
  6785 | D:9      | HP: 1/102 [orange demon[a kobold demonologist] (8)]
  6786 | D:9      | Succumbed to an orange demon's poison

Illustrated notes

Levels and vault maps discovered:
D:1:      saegor_arrival_simple_d, layout_basic
D:2:      layout_basic, hellmonk_ecumenical_altar_defaced_shrine
D:3:      kennysheep_six_static_rooms, layout_rooms
D:4:      layout_basic, kiku_gazebo_garden_becter
D:5:      layout_loops_corners, fedhas_altar_1, minmay_temple_entry_purple_smoke
D:6:      layout_loops_corners, chequers_serial_rivers_micro_e
D:7:      layout_basic, grunt_temple_overflow_open, serial_shops,
          nicolae_shop_waterfront, gammafunk_ghost_necromancy,
          uniq_prince_ribbit1
D:8:      layout_cave_pods, nicolae_gozag_conspicuous_consumption, zin_academy,
          minmay_misc_feat_five, uniq_maggie
D:9:      layout_long_grid, mainiacjoe_overflow_alcove_1, david_orc_3,
          nrook_mini_vaults, nrook_pool_corridor
Temple:   dpeg_chambers_temple

Skill      XL: |  1  2  3  4  5  6  7  8  9 |
---------------+----------------------------+-----
Fighting       | 3 4 5 6 7 |  7.3
Dodging        | 3 4 5 6 7 |  7.3
Unarmed Combat | 4 5 6 7 8 |  8.8

Action                   |  1- 3 |  4- 6 |  7- 9 || total
-------------------------+-------+-------+-------++-------
Melee: Unarmed           |    89 |   160 |   163 ||   412
       Punch             |     1 |     4 |    16 ||    21
       Headbutt          |       |     9 |       ||     9
       Bite              |       |       |    31 ||    31
       Mace              |       |       |   114 ||   114
Evoke: Wand              |       |       |     3 ||     3
  Use: Potion            |       |     2 |     1 ||     3
 Stab: Sleeping          |       |     3 |     2 ||     5
Armor: Animal skin       |    28 |    41 |    33 ||   102
       Steam dragon scal |       |       |    80 ||    80
Dodge: Dodged            |    51 |    58 |   248 ||   357

Table legend: (Time is in decaauts)
 A = Elapsed time spent in this place.
 B = Non-inter-level travel time spent in this place.
 C = Inter-level travel time spent in this place.
 D = Time resting spent in this place.
 E = Time spent auto-exploring this place.
 F = Levels seen in this place.
 G = Mean time per level.
                   A        B        C        D        E       F      G
               +--------+--------+--------+--------+--------+-----+--------+
         Total |   6794 |   6024 |    770 |      0 |   4545 |  10 |  679.4 |
       Dungeon |   6537 |   5825 |    712 |      0 |   4360 |   9 |  726.3 |
        Temple |    257 |    199 |     58 |      0 |    185 |   1 |  257.0 |
               +--------+--------+--------+--------+--------+-----+--------+

Top non-repeatable levels by time:
     D:6: 1077 daAuts
     D:8: 1023 daAuts
     D:7: 985 daAuts
     D:2: 855 daAuts
     D:5: 763 daAuts
     D:3: 732 daAuts
     D:1: 702 daAuts
     D:4: 349 daAuts
  Temple: 257 daAuts
     D:9: 47 daAuts
